 Dungeon Crawl Stone Soup version 0.24.0-29-g8ce449bc06 (webtiles) character file.

Game seed: 12315016878975478703, levelgen mode: deterministic

50 FishyPogo the Conjurer (level 3, 0/26 HPs)
             Began as a Draconian Conjurer on Nov 16, 2019.
             Slain by an orc
             ... wielding a +0 club
              (7 damage)
             ... on level 3 of the Dungeon.
             The game lasted 00:04:05 (1751 turns).

FishyPogo the Conjurer (Draconian Conjurer)         Turns: 1751, Time: 00:04:05

Health: 0/26       AC:  6    Str: 10    XL:     3   Next: 55%
Magic:  1/6        EV: 12    Int: 16    God:
Gold:   102        SH:  0    Dex: 11    Spells: 4/7 levels left

rFire    . . .     SeeInvis .   h - +0 dagger
rCold    . . .     Gourm    .   (no shield)
rNeg     . . .     Faith    .   (armour unavailable)
rPois    .         Spirit   .   n - +1 hat
rElec    .         Reflect  .   (no cloak)
rCorr    .         Harm     .   (no gloves)
MR       .....                  (no boots)
Stlth    ++........             (no amulet)
HPRegen  0.08/turn              (no ring)
MPRegen  0.10/turn              (no ring)

@: lethally poisoned (0 -> -9)
A: unfitting armour, cold-blooded, AC +5
a: no special abilities


You were on level 3 of the Dungeon.
You were not hungry.

You visited 1 branch of the dungeon, and saw 3 of its levels.

You collected 102 gold pieces.

Inventory:

Hand Weapons
 h - a +0 dagger (weapon)
Missiles
 e - 60 stones (quivered)
 i - 10 poisoned darts
Armour
 n - a +1 hat (worn)
Scrolls
 a - a scroll of magic mapping {unknown}
 d - 4 scrolls of teleportation {unknown}
 f - 3 scrolls of enchant armour {unknown}
 k - 4 scrolls of remove curse {unknown}
 m - a scroll of noise {unknown}
Potions
 c - a potion of heal wounds {unknown}
 j - a potion of berserk rage {unknown}
 l - a potion of haste {unknown}
 o - 2 potions of resistance {unknown}
Comestibles
 b - 5 rations


   Skills:
 - Level 2.0 Dodging
 - Level 2.0 Stealth
 + Level 2.5 Spellcasting
 * Level 4.8 Conjurations


You had 4 spell levels left.
You knew the following spells:

 Your Spells              Type           Power        Failure   Level  Hunger
a - Magic Dart            Conj           ###.         2%          1    #......
c - Searing Ray           Conj           ###...       4%          2    ##.....

Your spell library contained the following spells:

 Spells                   Type           Power        Failure   Level  Hunger
 Dazzling Spray           Conj/Hex       #.....       22%         3    ###....
 Iskenderun's Mystic Bla  Conj           ###.....     26%         4    #####..
 Force Lance              Conj/Tloc      #.......     58%         4    #####..
 Fulminant Prism          Conj/Hex       #.........   58%         4    #####..


Dungeon Overview and Level Annotations

Branches:
Dungeon (3/15)

Altars:


Innate Abilities, Weirdness & Mutations

Your plain brown scales are hard. (AC +5)
You cannot fit into any form of body armour.
You are cold-blooded and may be slowed by cold attacks.


Message History

Press: ? - help, Shift-Dir - straight line, f - orc
Aim: an orc, wielding a +0 club and wearing a +0 leather armour The magic dart hits the orc.
The orc is lightly wounded.
The hobgoblin throws a poisoned dart.
The poisoned dart hits you!
You are more poisoned.
You feel sick.
The hobgoblin throws a poisoned dart.
The poisoned dart closely misses you.
Things that are here:
a poisoned dart; a jackal corpse You feel sick.
The hobgoblin hits you with a cursed +0 club.
You closely miss the hobgoblin.
You feel sick. The hobgoblin closely misses you.
You hit the hobgoblin but do no damage.
You feel sick. The orc closely misses you. The hobgoblin barely misses you.
You barely miss the hobgoblin.
* * * LOW HITPOINT WARNING * * *
You feel sick. The orc hits you with a +0 club!
You die...

##.#.....
.###..#....# ##.
........h#.# #...
........##g######..#
#...h(...........
#.#.####..####.##
#h# ##.......# ###o#
##......#
#..@######......#
#...g<#.........####
#.###.....#.........
#. ###.#.......####
#. #...........####
# #######........#
#.....##.#
####...... #######


You could see an orc, 2 jackals and a hobgoblin.

Vanquished Creatures
  3 adders (D:2)
  2 leopard geckos
  A ball python (D:2)
  4 goblins
  3 hobgoblins (D:2)
  2 jackals (D:3)
  2 bats
  A frilled lizard (D:1)
  3 rats
21 creatures vanquished.

Notes
Turn   | Place    | Note
-------+----------+-------------------------------------------
     0 | D:1      | FishyPogo the Draconian Conjurer began the quest for the
                  | Orb.
     0 | D:1      | Reached XP level 1. HP: 14/14 MP: 3/3
  1191 | D:2      | Reached XP level 2. HP: 20/20 MP: 5/5
  1199 | D:2      | Learned a level 2 spell: Searing Ray
  1389 | D:2      | Reached XP level 3. HP: 20/26 MP: 0/6
  1751 | D:3      | Slain by an orc

Levels and vault maps discovered:
D:1:      dpeg_arrival_water_fire, layout_basic
D:2:      layout_loops_ring
D:3:      layout_rooms, old_standard_altar, first_ration,
          kennysheep_generic_room_11, uniq_robin

Skill      XL: |  1  2 |
---------------+-------+-----
Stealth        | 2 |  2.0
Dodging        | 2 |  2.0
Spellcasting   | |  2.5
Conjurations   | |  4.8

Action                   || total
-------------------------++-------
Melee: Dagger            ||    22
       Unarmed           ||     1
       Tailslap          ||     1
 Cast: Magic Dart        ||    31
       Searing Ray       ||     4
  Eat: Chunk             ||     3
Armor: Skin              ||     8
Dodge: Dodged            ||    17
